 Dungeon Crawl Stone Soup version 0.32-a0-39-g5c88369fb2 (webtiles) character file.

Game seed: 1403005994024513493

13248 Gargoyl the Cleaver (level 12, -6/136 HPs)
             Began as a Gargoyle Berserker on Jan 26, 2024.
             Was a Priest of Trog.
             Mangled by an elephant (12 damage)
             ... on level 2 of the Lair of Beasts.
             The game lasted 00:17:04 (10215 turns).

Gargoyl the Cleaver (Gargoyle Berserker)           Turns: 10215, Time: 00:17:05

Health: -6/136     AC: 23    Str: 21    XL:     12   Next: 4%
Magic:  12/12      EV: 10    Int:  9    God:    Trog [***...]
Gold:   515        SH:  0    Dex: 13    Spells: 11/11 levels left

rFire   . . .        t - +1 war axe (elec)
rCold   + . .        (no shield)
rNeg    + . .        j - +1 chain mail {rPois}
rPois   ∞            (helmet restricted)
rElec   +            x - +2 cloak {Will+}
rCorr   +            (no gloves)
SInv    +            k - +1 pair of boots
Will    +++..        (no amulet) Stlth
                     n - ring of see invisible
HPRegen 1.42/turn    p - ring of resist corrosion
MPRegen 0.13/turn

%: no passive effects
@: berserking, strong-willed, regenerating, very quick
A: sickness immunity, AC +8, negative energy resistance 1, electricity
resistance, torment resistance 1, petrification resistance, antennae 1, cold
resistance 1, deformed body, robust 2
a: Renounce Religion, Berserk, Trog's Hand


You were on level 2 of the Lair of Beasts.
You worshipped Trog.
Trog was most pleased with you.
You visited 2 branches of the dungeon, and saw 12 of its levels.
You also visited: Bailey.

You collected 650 gold pieces.
You spent 135 gold pieces at shops.

Inventory:

Hand Weapons
 a - a +0 hand axe of flaming
 t - a +1 war axe of electrocution (weapon)
Missiles
 f - 31 poisoned darts (quivered)
Armour
 b - a +2 helmet
 j - a +1 chain mail of poison resistance (worn)
 k - a +1 pair of boots (worn)
 x - a +2 cloak of willpower (worn)
Jewellery
 d - an amulet of regeneration
 n - a ring of see invisible (left hand)
 p - a ring of resist corrosion (right hand)
Wands
 e - a wand of paralysis (6)
 g - a wand of digging (2)
 l - a wand of mindburst (15)
 u - a wand of flame (13)
Scrolls
 q - a scroll of fog
 r - 4 scrolls of identify
 s - 2 scrolls of brand weapon
Potions
 c - 4 potions of enlightenment
 h - 2 potions of heal wounds
 m - 3 potions of curing
 v - 2 potions of ambrosia


   Skills:
 + Level 9.5 Fighting
 + Level 12.6 Axes
 + Level 10.5 Armour
 + Level 4.3 Dodging
 + Level 2.5 Stealth
 + Level 0.1 Evocations


You had 11 spell levels left.
You didn't know any spells.
Your spell library was empty.

Dungeon Overview and Level Annotations

Branches:
Dungeon (10/15)            Temple (0/1) D:5            Lair (2/5) D:10
 Spider (0/4) Lair:2       Bailey (visited)
  Swamp: Lair:2-3    Shoals: Lair:2-3       Orc: D:9-12

Altars:
Cheibriados
Gozag
Nemelex Xobeh
Qazlal
Wu Jian

Shops:
D:5 [

Annotations:
D:4 2 transporters
Lair:1 Jeremiah


Innate Abilities, Weirdness & Mutations

You are immune to sickness and miasma.
Your stone body is resilient. (AC +8)
You are immune to poison.
You resist negative energy. (rN+)
You are resistant to electric shocks. (rElec)
You are resistant to unholy torment.
You are immune to petrification.
You have a pair of small antennae on your head.
Your flesh is cold resistant. (rC+)
Armour fits poorly on your strangely shaped body.
You are very robust. (+20% HP)


Message History

You slash the komodo dragon!
The komodo dragon is heavily wounded.
The komodo dragon bites you but does no damage.
Unknown command.
You barely miss the komodo dragon.
The komodo dragon is heavily wounded.
You barely miss the blink frog.
The blink frog blinks!
A red film seems to cover your vision as you go berserk!
You feel yourself moving faster!
You feel mighty! The komodo dragon bites you!
* * * LOW HITPOINT WARNING * * *
You hit the komodo dragon.
Lightning courses through the komodo dragon!
The komodo dragon is almost dead.
The komodo dragon bites you!
* * * LOW HITPOINT WARNING * * *
Unknown command.
You barely miss the komodo dragon.
The komodo dragon is almost dead.
The komodo dragon bites you!!
* * * LOW HITPOINT WARNING * * *
Unknown command.
You slash the komodo dragon!
The komodo dragon is almost dead.
Unknown command.
You slash the komodo dragon!
You kill the komodo dragon!
Trog accepts your kill.
You feel less wooden.
Your +2 cloak of willpower unmelds from your body.
Your +1 pair of boots unmelds from your body.
Your +1 chain mail of poison resistance unmelds from your body.
You feel strong-willed.
You slice the elephant!!
You punch the elephant, but do no damage.
The elephant is heavily wounded.
Unknown command.
You slice the elephant!!
The elephant is severely wounded.
You barely miss the blink frog. The elephant tramples you!
You die...

.###P..# ...##..# . ###
##.# #.## .. #.[ .#
#P.###.## Y. #.#
#.####.##.... #. ##.#
#..##........ #.#..##
#........#.P.
P..#.....######.####.......
........YY@F...# #....P##
#####.#.#####..## ####<###
#...# #...###.##.#### #...#
#.......##.##.#
#.#.######..###..#....#
.$..##P.P#..###.#.##.##
....#.........##.####..#
.P# ...P####...##†.###..#
..........##...##.##


You could see 2 elephants and a blink frog.

Vanquished Creatures
  Maurice (D:9)
  5 elephants (Lair:2)
  A black mamba (Lair:2)
  3 cane toads
  2 komodo dragons (Lair:2)
  A troll (D:10)
  Grinder (D:5)
  4 blink frogs (Lair:2)
  A shadow (D:10)
  3 wyverns
  Grum (D:8)
  A basilisk (Lair:2)
  12 yaks
  3 steam dragons
  Edmund (D:5)
  2 acid dragons (D:9)
  8 water moccasins
  3 black bears
  2 orc warriors
  3 ice beasts
  3 ogres
  13 wolves
  3 centaurs
  2 kobold brigands
  A gnoll sergeant (D:9)
  6 bullfrogs
  3 scorpions
  3 wights (D:7)
  12 killer bees (D:10)
  A bombardier beetle (D:5)
  5 jellies
  2 orc priests
  A hound (D:5)
  An iguana (D:5)
  Jessica (D:2)
  A sleepcap (D:4)
  6 orc wizards
  3 gnolls (D:9)
  4 adders
  A shadow imp (D:6)
  2 white imps
  20 orcs
  3 endoplasms
  3 giant cockroaches
  9 goblins
  9 hobgoblins
  11 jackals
  3 quokkas (D:4)
  6 ball pythons
  3 bats
  4 kobolds (D:1)
  2 rats
205 creatures vanquished.

Notes
Turn   | Place    | Note
-------+----------+-------------------------------------------
     0 | D:1      | Gargoyl the Gargoyle Berserker began the quest for the Orb.
     0 | D:1      | Reached XP level 1. HP: 14/14 MP: 1/1
   209 | D:1      | Reached XP level 2. HP: 19/19 MP: 2/2
   245 | D:1      | Reached skill level 3 in Axes
   394 | D:1      | Reached XP level 3. HP: 22/24 MP: 3/3
   512 | D:1      | Reached ** piety under Trog
  1583 | D:2      | Noticed Jessica
  1602 | D:2      | Killed Jessica
  1603 | D:2      | Reached XP level 4. HP: 28/29 MP: 4/4
  1627 | D:3      | Found a snail-covered altar of Cheibriados.
  2072 | D:3      | Found a stormy altar of Qazlal.
  2073 | D:3      | Found a sparkling altar of Nemelex Xobeh.
  2074 | D:3      | Found an opulent altar of Gozag.
  2076 | D:3      | Found an ornate altar of the Wu Jian Council.
  2339 | D:4      | Reached skill level 1 in Stealth
  2339 | D:4      | Reached XP level 5. HP: 15/33 MP: 5/5
  2431 | D:4      | Reached skill level 4 in Axes
  2618 | D:4      | Noticed an ogre
  2630 | D:4      | Killed an ogre
  2631 | D:4      | Reached XP level 6. HP: 39/39 MP: 6/6
  2745 | D:4      | Noticed a black bear
  2755 | D:4      | Reached skill level 5 in Axes
  2755 | D:4      | Killed a black bear
  2756 | D:4      | Reached XP level 7. HP: 44/44 MP: 7/7
  2801 | D:4      | Found a transporter.
  2988 | D:4      | Found a transporter.
  3047 | D:5      | Entered Level 5 of the Dungeon
  3106 | D:5      | Reached skill level 5 in Fighting
  3107 | D:5      | Noticed Grinder
  3111 | D:5      | Paralysed by Grinder for 2 turns
  3141 | D:5      | Paralysed by Grinder for 5 turns
  3151 | D:5      | Killed Grinder
  3152 | D:5      | Reached skill level 6 in Axes
  3274 | D:5      | Found a staircase to the Ecumenical Temple.
  3294 | D:5      | Identified the +4 robe "Cykhlalo" {rC+}
  3358 | D:5      | Noticed Edmund
  3367 | D:5      | Reached XP level 8. HP: 49/49 MP: 8/8
  3373 | D:5      | Killed Edmund
  3473 | D:5      | Reached skill level 7 in Axes
  3498 | D:5      | Reached skill level 5 in Armour
  3692 | D:5      | Found Saecagep's Antique Armour Emporium.
  3699 | D:5      | Bought a glowing chain mail for 135 gold pieces
  3757 | D:5      | Gained mutation: You are robust. (+10% HP) [potion of
                  | mutation]
  3757 | D:5      | Gained mutation: Armour fits poorly on your strangely
                  | shaped body. [potion of mutation]
  3757 | D:5      | Gained mutation: You have hidden genetic potential. [potion
                  | of mutation]
  3757 | D:5      | Gained mutation: You are very robust. (+20% HP) [potion of
                  | mutation]
  4129 | D:6      | Reached skill level 8 in Axes
  4129 | D:6      | Reached XP level 9. HP: 66/66 MP: 9/9
  5129 | D:7      | Gained mutation: You have a pair of small antennae on your
                  | head. [hidden potential]
  5178 | D:7      | Reached *** piety under Trog
  5489 | D:7      | Found a flagged portal.
  5506 | Bailey   | Entered a bailey
  5573 | D:7      | Reached skill level 9 in Axes
  6292 | D:8      | Noticed Grum
  6311 | D:8      | Killed Grum
  6322 | D:8      | Reached XP level 10. HP: 39/75 MP: 10/10
  7281 | D:9      | Reached skill level 10 in Axes
  7540 | D:9      | Noticed Maurice
  7544 | D:9      | Maurice stole a +0 hand axe of flaming
  7617 | D:9      | Killed Maurice
  8256 | D:10     | Entered Level 10 of the Dungeon
  8694 | D:10     | Found a staircase to the Lair.
  8698 | D:10     | Reached skill level 11 in Axes
  8698 | D:10     | Reached XP level 11. HP: 78/81 MP: 11/11
  8761 | D:10     | Gained mutation: Your flesh is cold resistant. (rC+)
                  | [hidden potential]
  8761 | D:10     | Lost mutation: You have hidden genetic potential. [hidden
                  | potential expressed]
  8960 | Lair:1   | Entered Level 1 of the Lair of Beasts
  9031 | Lair:1   | Reached **** piety under Trog
  9230 | Lair:1   | Noticed Jeremiah
  9691 | Lair:2   | Noticed an orb spider
  9698 | Lair:2   | Reached skill level 12 in Axes
  9698 | Lair:2   | Found a hole to the Spider Nest.
 10038 | Lair:2   | Reached skill level 10 in Armour
 10204 | Lair:2   | Reached XP level 12. HP: 53/91 MP: 12/12
 10211 | Lair:2   | HP: 4/204 [komodo dragon (21)]
 10215 | Lair:2   | Mangled by an elephant

Illustrated notes

Levels and vault maps discovered:
D:1:      onia_arrival_mini_maze, layout_loops_ring
D:2:      layout_loops_ring, uniq_jessica
D:3:      layout_basic, minitemple
D:4:      gammafunk_steamed_eel, layout_rooms
D:5:      layout_loops_ring, minmay_temple_entry_antechambers, serial_shops,
          nicolae_lakefront_shop, uniq_edmund, uniq_grinder
D:6:      layout_basic, chequers_serial_rivers_room_b
D:7:      layout_loops_ring, enter_bailey_3
D:8:      layout_basic, blue_anna_alchemist, uniq_grum
D:9:      layout_loops_ring, hangedman_minor_gate_pass, uniq_maurice
D:10:     layout_rooms, lair_entry_dummy
Lair:1:   layout_chaotic_city, grunt_megastairs_3, uniq_jeremiah
Lair:2:   layout_loops_ring, nicolae_spider_entry_orb_guardian,
          beast_lair_carwin_11, lemuel_fruit_fields

Skill      XL: |  1  2  3  4  5  6  7  8  9 10 11 |
---------------+----------------------------------+-----
Axes           | 3 4 5 6 8 9 11 12 | 12.6
Fighting       | 4 5 6 7 8 9 |  9.5
Dodging        | 2 3 4 |  4.3
Armour         | 3 4 5 7 9 10 | 10.5
Stealth        | 1 2 |  2.5
Evocations     | |  0.1

Action                     |  1- 3 |  4- 6 |  7- 9 | 10-12 || total
---------------------------+-------+-------+-------+-------++-------
  Melee: Hand axe          |   108 |    97 |   342 |    41 ||   588
         Punch             |     1 |     1 |     6 |    10 ||    18
         War axe           |       |       |       |   345 ||   345
 Invoke: Berserk           |       |     3 |     8 |     7 ||    18
         Trog's Hand       |       |     1 |     1 |     7 ||     9
  Evoke: Wand              |       |       |       |     2 ||     2
    Use: Scroll            |     4 |       |     8 |     6 ||    18
         Potion            |       |       |     1 |     1 ||     2
 Armour: Animal skin       |    12 |       |       |       ||    12
         Chain mail        |    87 |   109 |   267 |   408 ||   871
         Skin              |       |       |       |    67 ||    67
  Dodge: Dodged            |    69 |    33 |   152 |   211 ||   465

Table legend: (Time is in decaauts)
 A = Elapsed time spent in this place.
 B = Non-inter-level travel time spent in this place.
 C = Inter-level travel time spent in this place.
 D = Time resting spent in this place.
 E = Time spent auto-exploring this place.
 F = Levels seen in this place.
 G = Mean time per level.
                   A        B        C        D        E       F      G
               +--------+--------+--------+--------+--------+-----+--------+
         Total |  10333 |   9859 |    474 |    969 |   6655 |  13 |  794.8 |
       Dungeon |   9063 |   8590 |    473 |    781 |   6049 |  10 |  906.3 |
          Lair |   1254 |   1254 |      0 |    188 |    600 |   2 |  627.0 |
        Bailey |     14 |     14 |      0 |      0 |      6 |   1 |   14.0 |
               +--------+--------+--------+--------+--------+-----+--------+

Top non-repeatable levels by time:
     D:7: 1308 daAuts
     D:6: 1085 daAuts
     D:9: 1013 daAuts
     D:1: 986 daAuts
     D:8: 967 daAuts
     D:5: 885 daAuts
     D:3: 781 daAuts
  Lair:2: 734 daAuts
    D:10: 707 daAuts
     D:4: 670 daAuts
     D:2: 657 daAuts
  Lair:1: 519 daAuts
  Bailey: 14 daAuts
